 Dungeon Crawl Stone Soup version 0.32-a0-643-ga006e7742e (webtiles) character file.

Game seed: 199082175337782426

262900 jasper the Severer (level 19, -1/170 HPs)
             Began as a Mountain Dwarf Fighter on Mar 7, 2024.
             Was the Champion of Okawaru.
             Killed from afar by a deep elf knight (16 damage)
             ... with a shard of ice
             ... on level 1 of the Elven Halls.
             The game lasted 01:06:04 (32779 turns).

jasper the Severer (Mountain Dwarf Fighter)        Turns: 32779, Time: 01:06:04

Health: -1/170     AC: 45    Str: 30    XL:     19   Next: 23%
Magic:  5/25       EV: 11    Int:  9    God:    Okawaru [******]
Gold:   1184       SH: 13    Dex: 11    Spells: 10/18 levels left

rFire   . . .        U - +4 broad axe of Eternity {spect, Dex+2}
rCold   + . .        y - +0 kite shield
rNeg    . . .        G - +8 orange crystal plate armour {Archmagi, Int+3 Clar}
rPois   .            D - +2 helmet
rElec   .            R - +2 cloak
rCorr   +            C - +1 pair of gloves
SInv    .            i - +2 pair of boots
Will    +++..        X - amulet of Orpheic {rC+ Regen+ Str+3 Int-3} Stlth
                     Y - ring "Itoozir" {Will+ rCorr}
HPRegen 1.28/turn    Z - ring "Utitt" {Will+ EV+5 Stlth+}
MPRegen 0.19/turn

%: clarity, archmagi
@: lethally poisoned (-1 -> -1), studying 2 skills
A: runic magic, artefact enchanting, inability to read after injury 1
}: 2/15 runes: barnacled, gossamer
a: Renounce Religion, Heroism, Finesse, Duel


You were on level 1 of the Elven Halls.
You worshipped Okawaru.
Okawaru was exalted by your worship.
You visited 7 branches of the dungeon, and saw 32 of its levels.
You visited the Abyss 1 time.
You also visited: Gauntlet.

You collected 5820 gold pieces.
You spent 4636 gold pieces at shops.

Inventory:

Hand Weapons
 O - a +3 broad axe of freezing
 U - the +4 broad axe of Eternity (weapon) {spect, Dex+2}
   (Okawaru gifted it to you on level 4 of the Lair of Beasts)

   Dex+2:     It affects your dexterity (+2).
Missiles
 H - 54 boomerangs (quivered)
 M - 17 javelins
 T - 18 silver javelins
 V - 6 throwing nets
 W - 6 curare-tipped darts
Armour
 i - a +2 pair of boots (worn)
 m - a +0 cloak of willpower
 y - a +0 kite shield (worn)
 C - a +1 pair of gloves (worn)
 D - a +2 helmet (worn)
 G - the +8 orange crystal plate armour (worn) {Archmagi, Int+3 Clar}
   (Okawaru gifted it to you on level 4 of the Lair of Beasts)

   Int+3:     It affects your intelligence (+3).
   Clar:      It protects you from confusion, rage, mesmerisation and fear.
 Q - a +0 tower shield
 R - a +2 cloak (worn)
Jewellery
 d - a ring of poison resistance
 h - a +4 ring of slaying
 u - a ring of protection from cold
 L - the ring "Kicoan" {rElec rN++ Will- Dex+6}
   (You found it in a Gauntlet)

   [ring of dexterity]

   Dex+6:     It affects your dexterity (+6).
   rElec:     It insulates you from electricity.
   rN++:      It greatly protects you from negative energy.
   Will-:     It decreases your willpower.
 S - the ring of Comueb {rC+ Dex+4 Stlth+}
   (You took it off a tengu conjurer on level 10 of the Dungeon)

   [ring of protection from cold]

   Dex+4:     It affects your dexterity (+4).
   rC+:       It protects you from cold.
   Stlth+:    It makes you more stealthy.
 X - the amulet of Orpheic (around neck) {rC+ Regen+ Str+3 Int-3}
   (You took it off a meliai on level 10 of the Dungeon)

   [amulet of regeneration]

   Str+3:     It affects your strength (+3).
   Int-3:     It affects your intelligence (-3).
   rC+:       It protects you from cold.
   Regen+:    It increases your rate of health regeneration.
 Y - the ring "Itoozir" (left hand) {Will+ rCorr}
   (You found it on level 10 of the Dungeon)

   [ring of resist corrosion]

   Will+:     It increases your willpower.
   rCorr:     It protects you from acid and corrosion.
 Z - the ring "Utitt" (right hand) {Will+ EV+5 Stlth+}
   (You took it off a centaur warrior on level 10 of the Dungeon)

   [ring of evasion]

   EV+5:      It affects your evasion (+5).
   Will+:     It increases your willpower.
   Stlth+:    It makes you more stealthy.
Wands
 g - a wand of flame (64)
 J - a wand of warping (26)
 K - a wand of polymorph (14)
Scrolls
 j - 14 scrolls of identify
 n - a scroll of fear
 o - a scroll of silence
 s - 5 scrolls of vulnerability
 v - 10 scrolls of fog
 w - 5 scrolls of blinking
 z - 18 scrolls of teleportation
 A - 7 scrolls of poison
 E - 7 scrolls of immolation
 F - 11 scrolls of revelation
Potions
 a - a potion of brilliance
 b - a potion of magic
 c - 3 potions of might
 k - 4 potions of enlightenment
 l - 5 potions of cancellation
 p - a potion of berserk rage
 q - 15 potions of curing
 r - 5 potions of attraction
 t - 3 potions of mutation
 x - a potion of heal wounds
 B - 6 potions of ambrosia
 I - 3 potions of invisibility
 N - 8 potions of lignification
 P - 3 potions of haste
Miscellaneous
 e - a lightning rod (4/4)
 f - a condenser vane


   Skills:
 - Level 15.0 Fighting
 - Level 18.0 Axes
 - Level 11.0 Throwing
 - Level 15.0 Armour
 - Level 15.0 Shields
 + Level 11.5 Translocations
 - Level 9.0 Air Magic
 - Level 8.0 Invocations
 - Level 10.0 Evocations


You had 10 spell levels left.
You knew the following spells:

 Your Spells              Type           Power      Damage    Failure   Level
a - Swiftness             Air            24%        N/A       9%          3
b - Manifold Assault      Tloc           31%        N/A       10%         4
c - Apportation           Tloc           62%        N/A       1%          1

Your spell library contained the following spells:

 Spells                   Type           Power      Damage    Failure   Level
 Blink                    Tloc           62%        N/A       1%          2
 Passage of Golubria      Tloc           31%        N/A       10%         4
 Mercury Vapours          Alch/Air       24%        N/A       26%         2
 Airstrike                Air            12%        2d(2-18)  26%         4
 Cigotuvi's Dreadful Rot  Necr/Alch/Air  16%        N/A       43%         2
 Mephitic Cloud           Conj/Alch/Air  8%         N/A       67%         3
 Dimensional Bullseye     Hex/Tloc       7%         N/A       71%         4
 Foxfire                  Conj/Fire      0%         2x1d4     73%         1
 Kiss of Death            Conj/Necr      0%         2d5       73%         1
 Magic Dart               Conj           0%         1d3       73%         1
 Necrotise                Necr           0%         1d4       73%         1
 Slow                     Hex            0%         N/A       73%         1
 Sting                    Conj/Alch      0%         1d3       73%         1
 Ensorcelled Hibernation  Hex/Ice        0%         N/A       86%         2
 Sublimation of Blood     Necr           0%         N/A       86%         2
 Confusing Touch          Hex            0%         N/A       97%         3
 Fugue of the Fallen      Necr           0%         N/A       97%         3
 Inner Flame              Hex/Fire       0%         N/A       97%         3
 Ozocubu's Armour         Ice            0%         N/A       97%         3
 Passwall                 Erth           0%         N/A       97%         3
 Sigil of Binding         Hex            0%         N/A       97%         3
 Vampiric Draining        Necr           0%         2d6       97%         3
 Silence                  Hex/Air        6%         N/A       99%         5
 Flame Wave               Conj/Fire      0%         2d4       100%        4
 Ignite Poison            Fire/Alch      0%         N/A       100%        4
 Petrify                  Alch/Erth      0%         N/A       100%        4
 Sticky Flame             Fire/Alch      0%         2d4       100%        4
 Freezing Cloud           Conj/Ice/Air   4%         6-21      100%        5
 Irradiate                Conj/Alch      0%         3d11      100%        5
 Plasma Beam              Fire/Air       6%         2x1d16    100%        6
 Starburst                Conj/Fire      0%         6d3       100%        6
 Orb of Destruction       Conj           0%         9d5       100%        7
 Borgnjor's Revivificati  Necr           0%         N/A       100%        8
 Lehudib's Crystal Spear  Conj/Erth      0%         10d2      100%        8
 Chain Lightning          Conj/Air       6%         3d8       100%        9
 Death's Door             Necr           0%         N/A       100%        9
 Summon Small Mammal      Summ           Unusable   N/A       N/A         1
 Call Imp                 Summ           Unusable   N/A       N/A         2
 Call Canine Familiar     Summ           Unusable   N/A       N/A         3
 Animate Dead             Necr           Unusable   N/A       N/A         4
 Martyr's Knell           Necr/Summ      Unusable   N/A       N/A         4
 Summon Blazeheart Golem  Fire/Summ      Unusable   N/A       N/A         4
 Haunt                    Necr/Summ      Unusable   N/A       N/A         7
 Spellforged Servitor     Conj/Summ      Unusable   N/A       N/A         7

Dungeon Overview and Level Annotations

Branches:
Dungeon (15/15)            Temple (1/1) D:7            Lair (5/5) D:11
 Shoals (4/4) Lair:2       Spider (4/4) Lair:3        Slime (0/5) Lair:4
    Orc (2/2) D:11            Elf (1/3) Orc:2        Vaults (0/5) D:14
 Depths (0/4) D:15        Gauntlet (visited)

Altars:
Ashenzari
Cheibriados
Dithmenos
Elyvilon
Fedhas
Gozag
Hepliaklqana
Kikubaaqudgha
Makhleb
Nemelex Xobeh
Okawaru
Qazlal
Ru
Sif Muna
Trog
Uskayaw
Vehumet
Wu Jian
Xom
Yredelemnul
Zin
The Shining One
Beogh

Shops:
D:3 ?   D:5 ?   D:12 (   Orc:1 (   Orc:2 ??[:*   Shoals:2 *?   Shoals:3 :*:!

Annotations:
D:7 2 transporters, hattop's ghost, novice MDFE
D:10 1 runed translucent door
Shoals:2 2 transporters, exclusion: orange crystal statue


Innate Abilities, Weirdness & Mutations

Your spellcasting is much less encumbered by armour.
You can use scrolls of enchantment on lesser artefacts.
You occasionally lose the ability to read scrolls when taking damage.


Message History

The +3 glaive of venom is heavily damaged.
You slash the deep elf zephyrmancer!
You kill the deep elf zephyrmancer!
Okawaru accepts your kill.
Your +4 broad axe of Eternity {spect, Dex+2} barely misses the +3 glaive of venom.
You feel sick.
The +3 glaive of venom hits you but does no damage.
You are more poisoned.
A deep elf knight comes into view. It is wielding a +0 short sword.
You completely miss the +3 glaive of venom.
The +3 glaive of venom is heavily damaged.
Your +4 broad axe of Eternity {spect, Dex+2} hits the +3 glaive of venom but does no damage.
You can read scrolls again.
You feel sick.
The +3 glaive of venom hits you but does no damage.
You are more poisoned.
You take 1 damage, and have 22/170 hp.
You feel better.
Your +4 broad axe of Eternity {spect, Dex+2} disappears.
You block the +3 glaive of venom's attack.
The +3 glaive of venom hits you but does no damage.
You regained 6 hp, and now have 28/170 hp.
You miss the +3 glaive of venom.
The +3 glaive of venom is heavily damaged.
Your +4 broad axe of Eternity {spect, Dex+2} barely misses the +3 glaive of venom.
You block the +3 glaive of venom's attack.
You hit the +3 glaive of venom but do no damage.
The +3 glaive of venom is heavily damaged.
Your +4 broad axe of Eternity {spect, Dex+2} closely misses the +3 glaive of venom.
The +3 glaive of venom hits you!
* * * LOW HITPOINT WARNING * * *
You are poisoned.
You take 13 damage, and have 16/170 hp.
You miss the +3 glaive of venom.
The +3 glaive of venom is heavily damaged.
Your +4 broad axe of Eternity {spect, Dex+2} hits the +3 glaive of venom!
You feel sick.
The deep elf knight casts a spell at you.
The shard of ice hits you! You partially resist.
You die...

.... ..# .... ... .)...
### ..... ... ..#
......#.# #.# #....#.#
#.# #...e((###.### .
#@).....# #..#e)#..#.#
#...)....#.### ######
.........).)...###.....
###..#..#e#)..#.......#
.............###.#.##.#
.....#......## ##..##.#
.###.......## ##.##.#
###......# ##.###.#


You could see a deep elf knight, a deep elf pyromancer, a deep elf zephyrmancer,
a +3 glaive of venom (distracted) and a friendly +4 broad axe of Eternity
{spect, Dex+2}.

Vanquished Creatures
  Nikola (Shoals:4)
  Arachne (Spider:3)
  Jorgrun (Shoals:2)
  Mlioglotl (Spider:1)
  3 tentacled starspawn (Abyss:1)
  Frances (Shoals:2)
  Agnes (Spider:1)
  Kirke (Lair:3)
  Aizul (Shoals:4)
  Louise (Shoals:2)
  5 emperor scorpions
  3 ghost moths
  An ironbound preserver (D:14)
  4 broodmothers
  A very ugly thing (D:15)
  A dire elephant (Lair:5)
  A minotaur (Gauntlet)
  2 spark wasps (Spider:1)
  4 merfolk javelineers
  7 merfolk impalers
  The ghost of Moumn the Naga Aeon, a journeyman NaIE of Cheibriados (D:12)
  Josephine (D:14)
  A spriggan zombie (Abyss:1)
  2 entropy weavers
  Erolcha (D:12)
  9 centaur warriors
  9 hydras
  A ghost crab (Gauntlet)
  A radroach (Spider:2)
  3 merfolk avatars
  10 jorogumos
  An ogre mage (D:15)
  4 satyrs
  Erica (D:9)
  3 catoblepae
  A deep troll shaman (Lair:5)
  4 dancing weapons (Elf:1)
  8 two-headed ogres
  2 alligator snapping turtles (Shoals:3)
  4 death yaks (Lair:5)
  7 merfolk aquamancers
  2 death knights
  2 boulder beetles (Spider:2)
  10 demonic crawlers
  A tengu warrior (D:14)
  A thrashing horror (Abyss:1)
  4 orc high priests (Orc:2)
  5 hell knights (D:15)
  2 soul eaters (D:15)
  A wretched star (Abyss:1)
  2 sixfirhies
  6 deep elf knights
  4 pharaoh ants
  4 skeletal warriors
  8 skysharks
  A flayed ghost (D:15)
  2 sun moths
  11 sea snakes
  2 glowing orange brains
  8 orb spiders
  4 orc knights (Orc:2)
  2 large abominations
  11 steelbarb worms
  4 deep elf archers (Elf:1)
  2 obsidian statues (D:15)
  An arcanist (D:14)
  6 deep elf zephyrmancers
  7 deep elf pyromancers
  2 spectral wolf spiders (D:12)
  27 harpies
  8 cyclopes
  10 ugly things
  6 orc sorcerers
  18 wolf spiders
  11 fauns
  5 moths of wrath
  9 elephants
  12 manticores
  A centaur zombie (D:12)
  3 spectral centaurs (D:12)
  13 meliai
  A guardian serpent (Abyss:1)
  Maurice (D:10)
  4 black mambas
  4 merfolk sirens
  5 water nymphs
  4 kobold blastminers (Orc:2)
  Joseph (D:9)
  A smoke demon (D:15)
  5 torpor snails
  3 rust devils
  8 cane toads
  An unseen horror (D:12)
  A cane toad (shapeshifter) (Abyss:1)
  Jeremiah (D:6)
  3 gargoyles
  2 orange demons
  Maggie (D:10)
  A spectral redback (D:12)
  A freezing wraith (D:15)
  A yaktaur (D:15)
  9 trolls
  An ice devil (D:15)
  7 komodo dragons
  2 efreet
  3 red devils (D:15)
  3 tengu conjurers
  Psyche (D:8)
  4 rime drakes
  A harpy zombie (D:12)
  4 polar bears
  3 wind drakes
  44 merfolk
  A troll (shapeshifter) (D:14)
  6 hellwings
  20 tarantellas
  Grinder (D:5)
  Prince Ribbit (D:9)
  A hornet (D:7)
  2 queen bees
  7 dream sheep
  34 blink frogs
  A raiju (Abyss:1)
  9 slime creatures
  8 snapping turtles
  23 culicivoras
  A vampire (D:11)
  An air elemental (D:12)
  43 jumping spiders
  11 wraiths
  12 water elementals
  2 fire elementals
  8 wyverns
  2 ynoxinuls
  44 yaks
  2 basilisks
  A fire bat (shapeshifter) (D:14)
  2 humans (Lair:3)
  A warg (Orc:1)
  3 shadows
  A hog (Lair:3)
  9 vampire mosquitoes
  Grum (D:10)
  2 steam dragons
  47 redbacks
  A chaos spawn (D:15)
  6 acid dragons
  17 water moccasins
  A hell hound (Abyss:1)
  Duvessa (D:7)
  A spectral hornet (D:12)
  A swamp drake (D:11)
  A sky beast (D:6)
  14 orc warriors
  A black bear (shapeshifter) (D:15)
  3 ice beasts
  6 laughing skulls
  4 boggarts (Lair:2)
  5 black bears
  10 ogres
  16 wolves
  10 centaurs
  2 phantoms
  4 kobold brigands
  Blork the orc (D:6)
  An earth elemental (D:12)
  14 bullfrogs
  4 gnoll sergeants
  4 scorpions
  Dowan (D:7)
  3 wights (D:9)
  25 killer bees
  6 electric eels
  A bombardier beetle (D:6)
  4 howler monkeys (D:8)
  2 quasits (D:9)
  3 jellies
  3 hounds
  Crazy Yiuf (D:2)
  17 orc priests
  2 gnoll boudas (D:10)
  2 iguanas
  Natasha (thrice) (D:3)
  28 orc wizards
  31 gnolls
  6 adders
  4 white imps
  2 ufetubi (D:5)
  A dart slug (D:4)
  A ribbon worm (D:2)
  77 orcs
  4 bats
  3 endoplasms
  7 giant cockroaches
  6 goblins
  6 hobgoblins
  2 jackals (D:3)
  2 quokkas
  2 ball pythons
  3 frilled lizards
  14 kobolds
  5 rats
  A butterfly (Lair:2)
  9 spectral weapons
  5 starspawn tentacles (Abyss:1)
1211 creatures vanquished.

Vanquished Creatures (others)
  An unseen horror (D:12)
  A tengu conjurer (D:14)
  A water elemental (D:12)
  An orc priest (Orc:2)
  An orc wizard (Orc:2)
  32 spectral weapons
  4 starspawn tentacles (Abyss:1)
41 creatures vanquished.

Grand Total: 1252 creatures vanquished

Notes
Turn   | Place    | Note
-------+----------+-------------------------------------------
     0 | D:1      | jasper the Mountain Dwarf Fighter began the quest for the
                  | Orb.
     0 | D:1      | Reached XP level 1. HP: 19/19 MP: 1/1
   362 | D:1      | Reached skill level 3 in Axes
   381 | D:1      | Reached XP level 2. HP: 26/26 MP: 2/2
  1199 | D:2      | You fall into a shaft and drop 1 floor!
  1457 | D:2      | Found a blossoming altar of Fedhas.
  1507 | D:2      | Reached skill level 4 in Axes
  1507 | D:2      | Reached XP level 3. HP: 10/31 MP: 3/3
  1695 | D:2      | Found a runed translucent door.
  1696 | D:2      | Noticed Crazy Yiuf
  2055 | D:3      | Noticed a phantom
  2067 | D:3      | Killed a phantom
  2068 | D:3      | Reached skill level 5 in Axes
  2068 | D:3      | Reached XP level 4. HP: 38/38 MP: 4/4
  2177 | D:3      | Noticed an ice beast
  2190 | D:3      | Killed an ice beast
  2191 | D:3      | Reached skill level 6 in Axes
  2191 | D:3      | Reached XP level 5. HP: 14/45 MP: 5/5
  2301 | D:3      | Noticed Natasha
  2305 | D:3      | Killed Natasha
  2306 | D:3      | Reached skill level 7 in Axes
  2347 | D:3      | Noticed Natasha
  2359 | D:3      | Killed Natasha
  2374 | D:3      | Identified the +1 short sword "Linoil" {drain, Fly rElec
                  | Int-4}
  2432 | D:3      | Found Gejaw's Magic Scroll Emporium.
  2439 | D:3      | Bought a scroll of fog for 40 gold pieces
  2439 | D:3      | Bought a scroll of identify for 20 gold pieces
  2439 | D:3      | Bought a scroll of identify for 20 gold pieces
  2448 | D:3      | Noticed Natasha
  2467 | D:3      | Killed Natasha
  2468 | D:3      | Reached XP level 6. HP: 51/51 MP: 6/6
  2921 | D:3      | Reached skill level 8 in Axes
  3076 | D:4      | Reached skill level 9 in Axes
  3094 | D:4      | Reached XP level 7. HP: 53/57 MP: 7/7
  3180 | D:4      | Found a basalt altar of Yredelemnul.
  3182 | D:4      | Noticed a profane servitor
  3202 | D:4      | Found a glowing golden altar of the Shining One.
  3204 | D:4      | Noticed an angel
  3586 | D:5      | Entered Level 5 of the Dungeon
  3646 | D:5      | Found a snail-covered altar of Cheibriados.
  3647 | D:5      | Found Obuechatt's Magic Scroll Shoppe.
  3694 | D:5      | Bought a scroll of fear for 40 gold pieces
  3694 | D:5      | Bought a scroll of teleportation for 30 gold pieces
  3694 | D:5      | Bought a scroll of teleportation for 30 gold pieces
  3694 | D:5      | Bought a scroll of poison for 40 gold pieces
  3706 | D:5      | Reached skill level 10 in Axes
  3914 | D:5      | Reached XP level 8. HP: 67/67 MP: 8/8
  4151 | D:6      | Noticed Grinder
  4164 | D:5      | Paralysed by Grinder for 2 turns
  4174 | D:5      | Killed Grinder
  4175 | D:5      | Reached skill level 5 in Fighting
  4175 | D:5      | Reached skill level 5 in Armour
  4204 | D:6      | Reached skill level 11 in Axes
  4457 | D:6      | Found a sparkling altar of Nemelex Xobeh.
  4489 | D:6      | HP: 2/69 [acid dragon/splash of acid (11)]
  4605 | D:6      | Reached XP level 9. HP: 75/75 MP: 9/9
  4609 | D:6      | Noticed a troll
  4631 | D:6      | Noticed Jeremiah
  4645 | D:7      | Found a radiant altar of Vehumet.
  4774 | D:7      | Found a transporter.
  4775 | D:7      | Noticed a moth of wrath
  4775 | D:7      | Noticed a two-headed ogre
  4798 | D:7      | Reached skill level 12 in Axes
  4901 | D:7      | Noticed Dowan
  4916 | D:7      | Noticed Duvessa
  4924 | D:7      | Killed Duvessa
  4925 | D:7      | Reached skill level 5 in Shields
  4934 | D:7      | Killed Dowan
  4962 | D:7      | Found a staircase to the Ecumenical Temple.
  4971 | Temple   | Entered the Ecumenical Temple
  5136 | D:7      | Found a bloodstained altar of Trog.
  5147 | D:7      | Found a transporter.
  5164 | D:7      | Identified the +11 hand axe "Athoam" {antimagic, *Rage rN+
                  | Int+3 Dex+3}
  5166 | D:7      | Noticed hattop's ghost (novice MDFE)
  5815 | D:8      | Noticed Psyche
  5823 | D:8      | Killed Psyche
  5824 | D:8      | Reached skill level 13 in Axes
  6205 | D:8      | Reached XP level 10. HP: 86/86 MP: 10/10
  6583 | D:6      | Noticed Blork the orc
  6592 | D:6      | Killed Blork the orc
  6751 | D:2      | Killed Crazy Yiuf
  7341 | D:6      | Killed Jeremiah
  7728 | D:9      | Noticed Joseph
  7755 | D:9      | Killed Joseph
  7756 | D:9      | Reached skill level 14 in Axes
  7802 | D:9      | Noticed Erica
  7818 | D:9      | Killed Erica
  7973 | D:9      | Noticed a rust devil
  7995 | D:9      | Killed a rust devil
  8177 | D:9      | Noticed a two-headed ogre
  8185 | D:9      | Killed a two-headed ogre
  8186 | D:9      | Reached XP level 11. HP: 57/95 MP: 11/11
  8333 | D:9      | Found a shadowy altar of Dithmenos.
  8441 | D:9      | Noticed Prince Ribbit
  8453 | D:9      | Killed Prince Ribbit
  8660 | D:10     | Entered Level 10 of the Dungeon
  8694 | D:10     | Noticed Maurice
  8713 | D:10     | Something stole a ring of protection from cold
  8715 | D:10     | Something stole the +11 hand axe "Athoam" {antimagic, *Rage
                  | rN+ Int+3 Dex+3}
  8718 | D:10     | Something stole 7 boomerangs
  8727 | D:10     | Something stole a +0 buckler
  8728 | D:10     | Killed Maurice
  8939 | D:10     | Noticed Maggie
  8950 | D:10     | Killed Maggie
  8951 | D:10     | Reached skill level 15 in Axes
  9171 | D:10     | Found an iron altar of Okawaru.
  9180 | D:10     | Found a stormy altar of Qazlal.
  9192 | D:10     | Became a worshipper of Warmaster Okawaru
  9296 | D:10     | Noticed Grum
  9314 | D:10     | Killed Grum
  9467 | D:10     | Reached * piety under Okawaru
  9511 | D:10     | Found a runed translucent door.
  9512 | D:10     | Found a runed translucent door.
  9512 | D:10     | Noticed a centaur warrior
  9695 | D:10     | Noticed a wolf spider
  9697 | D:10     | Noticed a five-headed hydra
  9704 | D:10     | Killed a wolf spider
  9711 | D:10     | Killed a five-headed hydra
  9775 | D:10     | Reached ** piety under Okawaru
  9799 | D:10     | Noticed a death knight
  9840 | D:10     | Killed a death knight
  9896 | D:10     | Identified the ring of Comueb {rC+ Dex+4 Stlth+}
  9910 | D:10     | Reached skill level 16 in Axes
  9934 | D:10     | Identified the amulet of Orpheic {rC+ Regen+ Str+3 Int-3}
  9938 | D:10     | Identified the ring "Itoozir" {Will+ rCorr}
 10236 | D:10     | Identified the ring "Utitt" {Will+ EV+5 Stlth+}
 10236 | D:10     | Noticed a centaur warrior
 10248 | D:10     | Killed a centaur warrior
 10379 | D:10     | Killed a centaur warrior
 10505 | D:11     | Reached XP level 12. HP: 106/106 MP: 12/12
 10568 | D:11     | Reached *** piety under Okawaru
 10673 | D:11     | Reached skill level 10 in Armour
 10698 | D:11     | Reached skill level 10 in Fighting
 10778 | D:11     | Found a staircase to the Lair.
 10940 | D:11     | Found a staircase to the Orcish Mines.
 10954 | D:11     | Reached **** piety under Okawaru
 11237 | D:11     | Got the Codex of Mortal Electrocution
 11621 | Lair:1   | Entered Level 1 of the Lair of Beasts
 11628 | Lair:1   | Reached skill level 17 in Axes
 11732 | Lair:1   | Reached skill level 1 in Invocations
 11890 | Lair:1   | Reached skill level 5 in Invocations
 11991 | Lair:1   | Reached ***** piety under Okawaru
 12581 | Lair:2   | Received a gift from Okawaru
 12657 | Lair:2   | Noticed an eight-headed hydra
 12665 | Lair:2   | Killed an eight-headed hydra
 12700 | Lair:2   | Found a staircase to the Shoals.
 12802 | Lair:2   | Found the +8 trident of the Octopus King {venom, rElec
                  | rPois}
 12840 | Lair:2   | Reached skill level 18 in Axes
 12842 | Lair:2   | Reached XP level 13. HP: 99/114 MP: 11/19
 12968 | Lair:2   | Identified the +1 buckler of Xiemug {rCorr}
 13056 | Lair:2   | Reached skill level 10 in Shields
 13745 | Lair:3   | Received a gift from Okawaru
 13871 | Lair:3   | Noticed Kirke
 13887 | Lair:3   | Killed Kirke
 14087 | Lair:3   | Noticed Sonja
 14088 | Lair:3   | Sonja changed into Sonja the killer bee
 14088 | Lair:3   | Noticed Sonja
 14091 | Lair:3   | Killed Sonja the killer bee
 14150 | Lair:3   | Noticed Nessos
 14153 | Lair:3   | Nessos changed into Nessos the glowing orange brain
 14153 | Lair:3   | Noticed Nessos
 14162 | Lair:3   | Killed Nessos the glowing orange brain
 14183 | Lair:3   | Found a hole to the Spider Nest.
 14523 | Lair:4   | Received a gift from Okawaru
 14759 | Lair:4   | Found a staircase to the Slime Pits.
 14858 | Lair:4   | Reached ****** piety under Okawaru
 14859 | Lair:4   | Acquired the +4 broad axe of Eternity {spect, Dex+2}
 14859 | Lair:4   | Received a gift from Okawaru
 14862 | Lair:4   | Acquired the +8 orange crystal plate armour {Archmagi,
                  | Int+3 Clar}
 14862 | Lair:4   | Received a gift from Okawaru
 14862 | Lair:4   | Found the +8 orange crystal plate armour {Archmagi, Int+3
                  | Clar}
 15028 | Lair:4   | Reached XP level 14. HP: 127/127 MP: 20/20
 15278 | Lair:4   | Got An Early Guide to the Magician's Craft
 15289 | Lair:4   | Received a gift from Okawaru
 15622 | Lair:5   | Entered Level 5 of the Lair of Beasts
 15664 | Lair:5   | Found a gate leading to a gauntlet.
 15686 | Gauntlet | Entered a Gauntlet
 15686 | Gauntlet | Found a transporter.
 15686 | Gauntlet | Found a transporter.
 15686 | Gauntlet | Found a transporter.
 15686 | Gauntlet | Found a transporter.
 15690 | Gauntlet | Found a transporter.
 15690 | Gauntlet | Found a transporter.
 15700 | Gauntlet | Found a transporter.
 15704 | Gauntlet | Found a transporter.
 15709 | Gauntlet | Noticed a cacodemon
 15719 | Gauntlet | Found a transporter.
 15720 | Gauntlet | Found a transporter.
 15738 | Gauntlet | Found a transporter.
 15742 | Gauntlet | Found a transporter.
 15914 | Gauntlet | Identified the amulet of Puthrol {*Corrode Regen+ Dex+5}
 15975 | Gauntlet | Identified the ring "Kicoan" {rElec rN++ Will- Dex+6}
 15979 | Gauntlet | Identified a scroll of acquirement
 15979 | Gauntlet | Acquired 316 gold pieces
 16072 | Gauntlet | Identified the staff "Puywuyck" {rF+ rC+ Conj Alchemy}
 16598 | Lair:5   | Received a gift from Okawaru
 16663 | Lair:5   | Identified the +2 falchion of the Lachrymose God {venom,
                  | Will++}
 17172 | Orc:1    | Entered Level 1 of the Orcish Mines
 17328 | Orc:1    | Found Derphiso's Weapon Emporium.
 17444 | Orc:2    | Entered Level 2 of the Orcish Mines
 17818 | Orc:2    | Found a roughly hewn altar of Beogh.
 17842 | Orc:2    | Found a staircase to the Elven Halls.
 17854 | Orc:2    | Received a gift from Okawaru
 17882 | Orc:2    | Found Ciuckore's General Store.
 17901 | Orc:2    | Bought a potion of curing for 42 gold pieces
 18035 | Orc:2    | Found Xiyn's Antique Armour Shoppe.
 18054 | Orc:2    | Found Obus Sou's Magic Scroll Boutique.
 18054 | Orc:2    | Paralysed by an orc sorcerer for 5 turns
 18222 | Orc:2    | Found Cowkueprel's Book Shoppe.
 18226 | Orc:2    | Found Onolorey's Magic Scroll Boutique.
 18281 | Orc:2    | Bought a scroll of blinking for 127 gold pieces
 18281 | Orc:2    | Bought a scroll of teleportation for 51 gold pieces
 18289 | Orc:2    | Bought a scroll of blinking for 105 gold pieces
 18289 | Orc:2    | Bought a scroll of enchant armour for 105 gold pieces
 18289 | Orc:2    | Bought a scroll of immolation for 56 gold pieces
 18289 | Orc:2    | Bought a scroll of vulnerability for 56 gold pieces
 18461 | Orc:2    | Bought a manual of Fighting for 1360 gold pieces
 18658 | D:12     | Found a large runed translucent door.
 18658 | D:12     | Found a large runed translucent door.
 18795 | D:12     | Received a gift from Okawaru
 19013 | D:12     | Reached XP level 15. HP: 112/139 MP: 21/21
 19065 | D:12     | Noticed Erolcha
 19082 | Abyss:1  | Cast into level 1 of the Abyss (Erolcha)
 19099 | Abyss:1  | Found an ornate altar of the Wu Jian Council.
 19109 | Abyss:1  | Found a corrupted altar of Lugonu.
 19194 | Abyss:1  | Noticed a tentacled starspawn
 19206 | Abyss:1  | Killed a tentacled starspawn
 19277 | Abyss:1  | Found a corrupted altar of Lugonu.
 19300 | Abyss:1  | Noticed a tentacled starspawn
 19306 | Abyss:1  | Killed a tentacled starspawn
 19374 | Abyss:1  | Noticed a tentacled starspawn
 19379 | Abyss:1  | Killed a tentacled starspawn
 19380 | Abyss:1  | Reached skill level 15 in Fighting
 19405 | D:12     | Escaped the Abyss
 19408 | D:12     | Received a gift from Okawaru
 19410 | D:12     | Killed Erolcha
 19420 | D:12     | Learned a level 3 spell: Swiftness
 19425 | D:12     | Learned a level 4 spell: Manifold Assault
 19598 | D:12     | Found Kuoz's Antique Weapon Shop.
 19615 | D:12     | Found a runed translucent gate.
 19617 | D:12     | Found a runed translucent gate.
 19618 | D:12     | Found a runed translucent gate.
 19619 | D:12     | Noticed Moumn's ghost (journeyman NaIE)
 19636 | D:12     | Killed Moumn's ghost
 19643 | D:12     | Reached skill level 15 in Armour
 19834 | D:12     | Paralysed by an air elemental for 1 turns
 19981 | D:13     | Received a gift from Okawaru
 20122 | D:13     | Reached skill level 15 in Shields
 20122 | D:13     | Reached skill level 1 in Evocations
 20800 | D:14     | Reached skill level 5 in Evocations
 20812 | D:14     | Received a gift from Okawaru
 20963 | D:14     | Noticed Josephine
 20973 | D:14     | Killed Josephine
 21145 | D:14     | Found a gate to the Vaults.
 21241 | D:14     | Received a gift from Okawaru
 21396 | D:14     | Acquired a manual of Evocations
 21721 | D:15     | Entered Level 15 of the Dungeon
 21872 | D:15     | Found a burning altar of Makhleb.
 21876 | D:15     | Reached skill level 10 in Evocations
 21891 | D:15     | Reached skill level 1 in Throwing
 21891 | D:15     | Reached XP level 16. HP: 134/149 MP: 22/22
 22090 | D:15     | Received a gift from Okawaru
 22360 | D:15     | Reached skill level 5 in Throwing
 22536 | D:15     | Acquired 910 gold pieces
 22846 | D:15     | Found a staircase to the Depths.
 23021 | D:15     | Found a burning altar of Makhleb.
 23021 | D:15     | Found the +16 obsidian axe {drain, demonic, Mesm ^Drain Fly
                  | SInv}
 23040 | D:15     | Gained mutation: You occasionally lose the ability to read
                  | scrolls when taking damage. [a neqoxec]
 23306 | Spider:1 | Entered Level 1 of the Spider Nest
 23423 | Spider:1 | Received a gift from Okawaru
 23762 | Spider:1 | Noticed Mlioglotl
 23767 | Spider:1 | Received a gift from Okawaru
 23773 | Spider:1 | Killed Mlioglotl
 24006 | Spider:1 | Noticed Agnes
 24016 | Spider:1 | Killed Agnes
 24432 | Spider:2 | Reached skill level 10 in Throwing
 24514 | Spider:2 | Acquired 780 gold pieces
 24644 | Spider:2 | Received a gift from Okawaru
 24671 | Spider:2 | Reached XP level 17. HP: 149/156 MP: 23/23
 25108 | Spider:2 | Reached skill level 1 in Air Magic
 25456 | Spider:3 | Learned a level 1 spell: Apportation
 25472 | Spider:3 | Noticed Arachne
 25845 | Spider:3 | Received a gift from Okawaru
 26135 | Spider:3 | Killed Arachne
 26251 | Spider:3 | Reached skill level 5 in Air Magic
 26694 | Spider:4 | Entered Level 4 of the Spider Nest
 26722 | Spider:4 | Received a gift from Okawaru
 27340 | Spider:4 | Received a gift from Okawaru
 28081 | Spider:4 | Identified the +1 hat of Weroet {rElec rCorr}
 28188 | Spider:4 | Got a gossamer rune of Zot
 28430 | Shoals:1 | Entered Level 1 of the Shoals
 28514 | Shoals:1 | Received a gift from Okawaru
 28515 | Shoals:1 | Reached XP level 18. HP: 163/163 MP: 24/24
 28783 | Shoals:1 | Reached skill level 1 in Translocations
 28990 | Shoals:1 | You fall into a shaft and drop 1 floor!
 29051 | Shoals:2 | Noticed Frances
 29061 | Shoals:2 | Killed Frances
 29095 | Shoals:2 | Found a transporter.
 29139 | Shoals:2 | Found a transporter.
 29423 | Shoals:2 | Noticed Jorgrun
 29442 | Shoals:2 | Killed Jorgrun
 29468 | Shoals:2 | Found Vismy's Assorted Antiques.
 29486 | Shoals:2 | Reached skill level 5 in Translocations
 29498 | Shoals:2 | Bought a scroll of blinking for 210 gold pieces
 29498 | Shoals:2 | Bought a potion of curing for 84 gold pieces
 29498 | Shoals:2 | Bought a scroll of immolation for 112 gold pieces
 29498 | Shoals:2 | Bought a scroll of revelation for 210 gold pieces
 29498 | Shoals:2 | Bought a scroll of revelation for 210 gold pieces
 29554 | Shoals:2 | Received a gift from Okawaru
 29759 | Shoals:2 | Noticed Louise
 29792 | Shoals:2 | Killed Louise
 29915 | Shoals:2 | Found Ozimefre's Magic Scroll Shoppe.
 29918 | Shoals:2 | Bought a scroll of teleportation for 57 gold pieces
 29918 | Shoals:2 | Bought a scroll of teleportation for 57 gold pieces
 29918 | Shoals:2 | Bought a scroll of enchant armour for 142 gold pieces
 29918 | Shoals:2 | Bought a scroll of revelation for 142 gold pieces
 30053 | Shoals:3 | Found Poekage's Distillery.
 30062 | Shoals:3 | Bought 2 potions of lignification for 90 gold pieces
 30062 | Shoals:3 | Bought a potion of might for 60 gold pieces
 30062 | Shoals:3 | Bought a potion of haste for 150 gold pieces
 30062 | Shoals:3 | Bought a potion of cancellation for 120 gold pieces
 30062 | Shoals:3 | Bought a potion of enlightenment for 75 gold pieces
 30228 | Shoals:3 | Found Suniskoa's Book Boutique.
 30234 | Shoals:3 | Found Emyfouli's Assorted Antiques.
 30266 | Shoals:3 | Bought a potion of lignification for 90 gold pieces
 30266 | Shoals:3 | Bought 2 potions of cancellation for 480 gold pieces
 30266 | Shoals:3 | Bought a scroll of revelation for 225 gold pieces
 30641 | Shoals:3 | Found Felluef's Book Emporium.
 30796 | Shoals:4 | Entered Level 4 of the Shoals
 30925 | Shoals:4 | Received a gift from Okawaru
 31319 | Shoals:4 | Identified the serpent talisman of Inviolability {Str+6}
 31319 | Shoals:4 | Noticed Aizul
 31332 | Shoals:4 | Killed Aizul
 31332 | Shoals:4 | Received a gift from Okawaru
 31430 | Shoals:4 | Noticed Nikola
 31458 | Shoals:4 | Killed Nikola
 31519 | Shoals:4 | Reached skill level 10 in Translocations
 31886 | Shoals:4 | Reached XP level 19. HP: 110/170 MP: 25/25
 31913 | Shoals:4 | Received a gift from Okawaru
 32035 | Shoals:4 | Got a barnacled rune of Zot
 32305 | Elf:1    | Entered Level 1 of the Elven Halls
 32655 | Elf:1    | Identified the +10 rapier "Gixuwk" {flame, rC- rN+ Int+3
                  | Dex+2}
 32691 | Elf:1    | Acquired 849 gold pieces
 32779 | Elf:1    | Killed from afar by a deep elf knight

Illustrated notes

Levels and vault maps discovered:
D:1:      matt_arrival_los_fun, layout_basic, minmay_misc_feat_alley
D:2:      layout_basic, basic_altar, uniq_crazy_yiuf_cottage
D:3:      layout_basic, serial_shops, shop, uniq_natasha
D:4:      layout_rooms, grunt_temple_overflow_holy_war,
          nicolae_figureground_pulse
D:5:      layout_rooms, overflow_temple_1_default, serial_shops, shop
D:6:      layout_basic, mainiacjoe_overflow_boulevard,
          chequers_serial_rivers_room_a, uniq_jeremiah, uniq_blork_the_orc,
          uniq_grinder
D:7:      layout_rooms, nicolae_vehumet_altar_sigil, lemuel_temple_firewalk_b,
          gammafunk_ghost_wrathful_warriors, uniq_duvessa
D:8:      layout_gridville, uniq_psyche
D:9:      layout_gridville, grunt_dithmenos_shadows, serial_demonic,
          serial_demonic_b, serial_demonic_c, serial_demonic_e,
          serial_demonic_d, uniq_prince_ribbit1, uniq_erica, uniq_joseph
D:10:     minmay_the_grid_triangle_9x9_rhombus_thin
          [minmay_the_grid_triangle_9x9_tough_junction,
          minmay_the_grid_triangle_9x9_prize_special,
          minmay_the_grid_triangle_9x9_shrine,
          minmay_the_grid_triangle_9x9_thin_v], layout_stronghold,
          mainiacjoe_overflow_swirl, chequers_serial_rivers_room_b, uniq_grum,
          uniq_maggie, uniq_maurice
D:11:     layout_gridville, erik_lair_dragon,
          kennysheep_orc_monster_closet_entryway
D:12:     layout_roguey, gammafunk_ghost_necromancy, serial_bayou,
          serial_bayou_ford_a, serial_bayou_lake_a, serial_bayou_pond_e,
          serial_bayou_crossing, serial_bayou_pond_a, serial_shops,
          nicolae_shop_behind_doors, lightli_elemental_guards, uniq_erolcha
D:13:     layout_roguey
D:14:     layout_loops_ring, skrybe_vaults_entry_preservation, special_room
          [special_room_bee], uniq_josephine
D:15:     gammafunk_enter_depths_forms, layout_loops_ring, chequers_garden,
          grunt_guarded_unrand_obsidian_axe
Temple:   minmay_temple_curvy_branch
Lair:1:   layout_regular_city, grunt_megastairs_1, infiniplex_staircase_pool_2,
          serial_bayou_shore_a
Lair:2:   beargit_carnivore_pack, layout_misc_corridors,
          elwin_shoals_entry_stream, kilobyte_rumbling_trees,
          lemuel_fruit_fields
Lair:3:   layout_roguey, spider_nest_entry_rubble, uniq_kirke, uniq_nessos,
          uniq_sonja
Lair:4:   layout_cave_pods, slime_entry_1
Lair:5:   grunt_lair_end_beastmaster, layout_cellular_growth,
          gauntlet_entry_generic
Shoals:1: layout_shoals, nzn_prometheus_bound
Shoals:2: gammafunk_sealed_arena, layout_shoals, serial_shops,
          nicolae_shop_behind_doors, nicolae_shop_tiny_statue_garden,
          uniq_louise, uniq_jorgrun, uniq_frances
Shoals:3: layout_shoals, serial_shops, nicolae_shop_dealshenge,
          nicolae_take_the_stairs, shop_fountains, nicolae_lakefront_shop
Shoals:4: shoals_end_hangedman, layout_shoals, uniq_aizul, uniq_nikola
Spider:1: layout_cave_pods, uniq_mlioglotl, uniq_agnes
Spider:2: layout_spider_delve, nicolae_spider_spiderdrome
Spider:3: layout_spider_delve, nicolae_spider_world_wide_web, uniq_arachne
Spider:4: guppyfry_spider_rune
Orc:1:    layout_diamond_mine, serial_shops, nicolae_shop_hallway_stairs,
          statue_in_the_mist_lemuel
Orc:2:    st_orc_elflike, layout_caves, serial_shops, shop, basic_altar
Elf:1:    layout_loops_cross, hangedman_elven_crosses_minicolossus,
          kilobyte_mutagenic_chamber

Skill      XL: |  1  2  3  4  5  6  7  8  9 10 11 12 13 14 15 16 17 18 19 |
---------------+----------------------------------------------------------+-----
Axes           | 3 4 5 6 7 9 10 11 13 14 16 18 | 18.0
Fighting       | 4 5 7 8 9 10 12 14 15 | 15.0
Armour         | 4 5 7 8 9 10 12 14 15 | 15.0
Shields        | 4 5 7 9 11 13 15 | 15.0
Invocations    | 8 |  8.0
Evocations     | 10 | 10.0
Throwing       | 1 10 11 | 11.0
Air Magic      | 8 9 |  9.0
Translocations | 10 11 | 11.5

Action                     |  1- 3 |  4- 6 |  7- 9 | 10-12 | 13-15 | 16-18 | 19-21 || total
---------------------------+-------+-------+-------+-------+-------+-------+-------++-------
  Melee: War axe           |    92 |   102 |   456 |   110 |       |       |       ||   760
         Broad axe         |       |       |       |   559 |   910 |  1075 |   117 ||  2661
         Morningstar       |       |       |       |    11 |    25 |    15 |       ||    51
  Throw: Stone             |    18 |     5 |     3 |     3 |       |       |       ||    29
         Dart              |       |       |     3 |     5 |       |       |       ||     8
         Javelin           |       |       |       |     2 |       |     9 |       ||    11
         Boomerang         |       |       |       |     3 |     3 |   117 |    10 ||   133
   Cast: Manifold Assault  |       |       |       |       |       |       |    12 ||    12
 Invoke: Heroism           |       |       |       |     4 |     4 |     3 |     1 ||    12
         Finesse           |       |       |       |     1 |     3 |     3 |     1 ||     8
         Receive Weapon    |       |       |       |       |     1 |       |       ||     1
         Receive Armour    |       |       |       |       |     1 |       |       ||     1
  Evoke: Wand              |       |       |     5 |     3 |     4 |       |       ||    12
         Condenser vane    |       |       |       |       |       |     1 |       ||     1
    Use: Scroll            |       |    11 |     2 |     9 |    12 |    12 |     1 ||    47
         Potion            |       |     1 |     3 |     5 |     1 |       |     5 ||    15
   Stab: Petrified         |       |       |       |       |     3 |       |       ||     3
         Distracted        |       |       |       |       |    14 |    23 |     3 ||    40
 Armour: Scale mail        |    75 |     5 |       |       |       |       |       ||    80
         Chain mail        |       |   113 |   403 |   285 |       |       |       ||   801
         Skin              |       |       |     1 |       |       |       |       ||     1
         Swamp dragon scal |       |       |       |   209 |       |       |       ||   209
         Plate armour      |       |       |       |   192 |   222 |       |       ||   414
         Crystal plate arm |       |       |       |       |   574 |  1262 |   137 ||  1973
  Dodge: Dodged            |    38 |    38 |   132 |   209 |   171 |   277 |    37 ||   902
  Block: Buckler           |    26 |    19 |    27 |       |       |       |       ||    72
         Kite shield       |       |       |   127 |   420 |   489 |   882 |    78 ||  1996
         Tower shield      |       |       |       |       |       |    20 |       ||    20

Table legend: (Time is in decaauts)
 A = Elapsed time spent in this place.
 B = Non-inter-level travel time spent in this place.
 C = Inter-level travel time spent in this place.
 D = Time resting spent in this place.
 E = Time spent auto-exploring this place.
 F = Levels seen in this place.
 G = Mean time per level.
                   A        B        C        D        E       F      G
               +--------+--------+--------+--------+--------+-----+--------+
         Total |  32649 |  30217 |   2432 |   2111 |  20202 |  34 |  960.3 |
       Dungeon |  16078 |  14781 |   1297 |    560 |  10481 |  15 | 1071.9 |
        Temple |      1 |      1 |      0 |      0 |      0 |   1 |    1.0 |
          Lair |   5186 |   4705 |    481 |     79 |   3451 |   5 | 1037.2 |
        Shoals |   3860 |   3671 |    189 |     98 |   2389 |   4 |  965.0 |
   Spider Nest |   4967 |   4735 |    232 |   1101 |   2531 |   4 | 1241.8 |
  Orcish Mines |   1634 |   1403 |    231 |    227 |    909 |   2 |  817.0 |
   Elven Halls |    217 |    217 |      0 |      4 |     90 |   1 |  217.0 |
         Abyss |    316 |    316 |      0 |     36 |    146 |   1 |  316.0 |
      Gauntlet |    387 |    387 |      0 |      5 |    205 |   1 |  387.0 |
               +--------+--------+--------+--------+--------+-----+--------+

Top non-repeatable levels by time:
    D:10: 1782 daAuts
Spider:2: 1725 daAuts
    D:11: 1382 daAuts
Shoals:4: 1330 daAuts
    D:15: 1300 daAuts
Spider:3: 1278 daAuts
     D:2: 1216 daAuts
     D:9: 1190 daAuts
  Lair:4: 1119 daAuts
     D:8: 1101 daAuts
  Lair:2: 1088 daAuts
    D:12: 1071 daAuts
   Orc:2: 1049 daAuts
    D:14: 1044 daAuts
Spider:1: 1044 daAuts
